TOP OF THE 1ST |
Oklahoma City Dodgers batting - Pitching for Indianapolis Indians : RHP Josh Markham
|
Pitching: RHP Josh Markham
|
|
Batting: RHB Sam Saunders
|
0-0: Ball 1-0: Ball 2-0: Ball 3-0: Called Strike 3-1: Swinging Strike 3-2: Base on Balls
|
Batting: RHB Jeremy Giesler
|
0-0: Called Strike Sam Saunders is caught stealing 2nd base 2-4 0-1: Ball 1-1: Ball 2-1: Ground out 5-3 (Groundball, 56, EV 101.2 MPH)
|
Batting: RHB Curt Earnest
|
0-0: Swinging Strike 0-1: Ball 1-1: Ball 2-1: Ground out 6-3 (Groundball, 6, EV 100.6 MPH)
|
Top of the 1st over - 0 runs, 0 hits, 0 errors, 0 left on base; Oklahoma City 0 - Indianapolis 0 |
BOTTOM OF THE 1ST |
Indianapolis Indians batting - Pitching for Oklahoma City Dodgers : LHP J.P. Blair
|
Pitching: LHP J.P. Blair
|
|
Batting: RHB Luis Ramos
|
0-0: Ball 1-0: Ball 2-0: Foul Ball, location: 2F 2-1: Called Strike 2-2: Ground out 6-3 (Groundball, 56, EV 102.5 MPH)
|
Batting: RHB Ron Corn
|
0-0: Swinging Strike 0-1: Swinging Strike 0-2: Strikes out swinging
|
Batting: RHB Andrew Robinson
|
0-0: Ball 1-0: Called Strike 1-1: Swinging Strike 1-2: Ball 2-2: Strikes out swinging
|
Bottom of the 1st over - 0 runs, 0 hits, 0 errors, 0 left on base; Oklahoma City 0 - Indianapolis 0 |
TOP OF THE 2ND |
Oklahoma City Dodgers batting - Pitching for Indianapolis Indians : RHP Josh Markham
|
Batting: SHB Ken Welch
|
0-0: Foul Ball, location: 2F 0-1: Swinging Strike 0-2: Ball 1-2: Ball 2-2: Strikes out swinging
|
Batting: RHB Tim Nettles
|
0-0: Called Strike 0-1: Swinging Strike 0-2: Strikes out swinging
|
Batting: RHB Martin Chavez
|
0-0: Called Strike 0-1: Foul Ball, location: 2F 0-2: Ball 1-2: Ball 2-2: Ball 3-2: Base on Balls
|
Batting: RHB John Piccolo
|
0-0: Called Strike 0-1: Fly out, F8 (Flyball, 8RXD, EV 103.8 MPH)
|
Top of the 2nd over - 0 runs, 0 hits, 0 errors, 1 left on base; Oklahoma City 0 - Indianapolis 0 |
BOTTOM OF THE 2ND |
Indianapolis Indians batting - Pitching for Oklahoma City Dodgers : LHP J.P. Blair
|
Batting: RHB Etsuro Hosokawa
|
0-0: Called Strike 0-1: Ball 1-1: Foul Ball, location: 2F 1-2: Foul Ball, location: 2F 1-2: Strikes out swinging
|
Batting: RHB Richard Barrios
|
0-0: Called Strike 0-1: Swinging Strike 0-2: Foul Ball, location: 2F 0-2: Strikes out swinging
|
Batting: RHB Freddy Quintero
|
0-0: Ball 1-0: Swinging Strike 1-1: Ball 2-1: Ground out 6-3 (Groundball, 6, EV 84.4 MPH)
|
Bottom of the 2nd over - 0 runs, 0 hits, 0 errors, 0 left on base; Oklahoma City 0 - Indianapolis 0 |
TOP OF THE 3RD |
Oklahoma City Dodgers batting - Pitching for Indianapolis Indians : RHP Josh Markham
|
Batting: LHB Frank Mullen
|
0-0: Called Strike 0-1: Ball 1-1: Swinging Strike 1-2: Ball 2-2: Ball 3-2: Base on Balls
|
Batting: RHB Jose Valtierra
|
0-0: Called Strike 0-1: Fielders Choice at 2nd, 1-6 (Groundball, 13S, EV 74.4 MPH)
|
Batting: RHB Sam Saunders
|
0-0: Swinging Strike 0-1: Called Strike 0-2: Ball 1-2: Ball 2-2: Foul Ball, location: 2F 2-2: Grounds into double play, 6-4-3 (Groundball, 6, EV 85.6 MPH)
|
Top of the 3rd over - 0 runs, 0 hits, 0 errors, 0 left on base; Oklahoma City 0 - Indianapolis 0 |
BOTTOM OF THE 3RD |
Indianapolis Indians batting - Pitching for Oklahoma City Dodgers : LHP J.P. Blair
|
Batting: RHB Caleb Russell
|
0-0: Called Strike 0-1: Foul Ball, location: 2F 0-2: Ground out 6-3 (Groundball, 6, EV 86.9 MPH)
|
Batting: RHB Keiji Nakajima
|
0-0: Foul Ball, location: 2F 0-1: Ball 1-1: Ball 2-1: Ball 3-1: Foul Ball, location: 2F 3-2: Strikes out swinging
|
Batting: RHB Slamet Pamungkas
|
0-0: Fly out, F9 (Flyball, 9D, EV 101.2 MPH)
|
Bottom of the 3rd over - 0 runs, 0 hits, 0 errors, 0 left on base; Oklahoma City 0 - Indianapolis 0 |
TOP OF THE 4TH |
Oklahoma City Dodgers batting - Pitching for Indianapolis Indians : RHP Josh Markham
|
Batting: RHB Jeremy Giesler
|
0-0: Ground out 5-3 (Groundball, 56, EV 86.2 MPH)
|
Batting: RHB Curt Earnest
|
0-0: Ball 1-0: SINGLE (Groundball, 56D, EV 103.8 MPH)
|
Batting: SHB Ken Welch
|
0-0: Called Strike 0-1: Swinging Strike 0-2: DOUBLE (Line Drive, 78D, EV 106.9 MPH) Curt Earnest to third
|
Batting: RHB Tim Nettles
|
0-0: Ball 1-0: Ball 2-0: Ball 3-0: Called Strike 3-1: Base on Balls
|
Batting: RHB Martin Chavez
|
0-0: Called Strike 0-1: Fly out, F9 (Flyball, 89M, EV 92.5 MPH) Lined into DP, 9-6 (Flyball, 89M, EV 92.5 MPH)
|
Top of the 4th over - 0 runs, 2 hits, 0 errors, 2 left on base; Oklahoma City 0 - Indianapolis 0 |
BOTTOM OF THE 4TH |
Indianapolis Indians batting - Pitching for Oklahoma City Dodgers : LHP J.P. Blair
|
Batting: RHB Luis Ramos
|
0-0: Ball 1-0: Called Strike 1-1: Ball 2-1: Foul Ball, location: 2F 2-2: Strikes out swinging
|
Batting: RHB Ron Corn
|
0-0: Called Strike 0-1: Foul Ball, location: 2F 0-2: Ball 1-2: Fly out, F8 (Flyball, 8LD, EV 92.5 MPH)
|
Batting: RHB Andrew Robinson
|
0-0: Called Strike 0-1: Ball 1-1: Ball 2-1: Foul Ball, location: 2F 2-2: Ball 3-2: SINGLE (Groundball, 5S, EV 72.5 MPH) (infield hit)
|
Batting: RHB Etsuro Hosokawa
|
0-0: Called Strike 0-1: Ground out 6-3 (Groundball, 56, EV 103.1 MPH)
|
Bottom of the 4th over - 0 runs, 1 hit, 0 errors, 1 left on base; Oklahoma City 0 - Indianapolis 0 |
TOP OF THE 5TH |
Oklahoma City Dodgers batting - Pitching for Indianapolis Indians : RHP Josh Markham
|
Batting: RHB John Piccolo
|
0-0: Ball 1-0: Swinging Strike 1-1: Ground out 3-1 (Groundball, 34, EV 86.2 MPH)
|
Batting: LHB Frank Mullen
|
0-0: Foul Ball, location: 2F 0-1: Fly out, F8 (Flyball, 89D, EV 89.4 MPH)
|
Batting: RHB Jose Valtierra
|
0-0: Foul Ball, location: 2F 0-1: Called Strike 0-2: Ball 1-2: Ball 2-2: Foul Ball, location: 2F 2-2: Ground out 4-3 (Groundball, 4, EV 81.2 MPH)
|
Top of the 5th over - 0 runs, 0 hits, 0 errors, 0 left on base; Oklahoma City 0 - Indianapolis 0 |
BOTTOM OF THE 5TH |
Indianapolis Indians batting - Pitching for Oklahoma City Dodgers : LHP J.P. Blair
|
Batting: RHB Richard Barrios
|
0-0: Ball 1-0: Called Strike 1-1: Ball 2-1: Swinging Strike 2-2: Fly out, F7 (Flyball, 7LM, EV 84.4 MPH)
|
Batting: RHB Freddy Quintero
|
0-0: Ball 1-0: Fly out, F8 (Flyball, 78M, EV 89.4 MPH)
|
Batting: RHB Caleb Russell
|
0-0: Ball 1-0: Called Strike 1-1: Called Strike 1-2: Ball 2-2: Ball 3-2: Strikes out swinging
|
Bottom of the 5th over - 0 runs, 0 hits, 0 errors, 0 left on base; Oklahoma City 0 - Indianapolis 0 |
TOP OF THE 6TH |
Oklahoma City Dodgers batting - Pitching for Indianapolis Indians : RHP Josh Markham
|
Batting: RHB Sam Saunders
|
0-0: Called Strike 0-1: Ball 1-1: Swinging Strike 1-2: Strikes out swinging
|
Batting: RHB Jeremy Giesler
|
0-0: Ball 1-0: Foul Ball, location: 2F 1-1: Foul Ball, location: 2F 1-2: Ball 2-2: Foul Ball, location: 2F 2-2: Ball 3-2: Ground out 5-3 (Groundball, 5, EV 80.0 MPH)
|
Batting: RHB Curt Earnest
|
0-0: Swinging Strike 0-1: Ball 1-1: Foul Ball, location: 2F 1-2: Foul Ball, location: 2F 1-2: Ball 2-2: Ball 3-2: Base on Balls
|
Batting: SHB Ken Welch
|
0-0: Ball Curt Earnest steals 2nd base 1-0: Ball 2-0: Foul Ball, location: 2F 2-1: Foul Ball, location: 2F 2-2: Fly out, F9 (Flyball, 9LM, EV 85.6 MPH)
|
Top of the 6th over - 0 runs, 0 hits, 0 errors, 1 left on base; Oklahoma City 0 - Indianapolis 0 |
BOTTOM OF THE 6TH |
Indianapolis Indians batting - Pitching for Oklahoma City Dodgers : LHP J.P. Blair
|
Batting: RHB Keiji Nakajima
|
0-0: Called Strike 0-1: Ball 1-1: Called Strike 1-2: SINGLE (Line Drive, 4MD, EV 95.6 MPH)
|
Batting: RHB Slamet Pamungkas
|
0-0: SINGLE (Groundball, 4MD, EV 95.0 MPH) Keiji Nakajima to second
|
Batting: RHB Luis Ramos
|
0-0: Called Strike 0-1: Foul Ball, location: 2F 0-2: SINGLE (Groundball, 56, EV 106.9 MPH) (infield hit) Keiji Nakajima to third Slamet Pamungkas to second
|
Batting: RHB Ron Corn
|
0-0: Called Strike 0-1: DOUBLE (Groundball, 3D, EV 106.9 MPH) Keiji Nakajima scores Slamet Pamungkas scores Luis Ramos to third
|
Batting: RHB Andrew Robinson
|
0-0: Foul Ball, location: 2F 0-1: Ball 1-1: Ball 2-1: Ball 3-1: Base on Balls
|
Batting: RHB Etsuro Hosokawa
|
0-0: SINGLE (Groundball, 6MD, EV 106.2 MPH) Luis Ramos scores Ron Corn to third Andrew Robinson to second
|
Batting: RHB Richard Barrios
|
0-0: Called Strike 0-1: Ball 1-1: Foul Ball, location: 2F 1-2: Ball 2-2: Ball Passed Ball! Ron Corn scores Andrew Robinson to third Etsuro Hosokawa to second 3-2: Foul Ball, location: 2F 3-2: Strikes out swinging
|
Pitching: RHP Chris Bullerman
|
|
Batting: RHB Freddy Quintero
|
0-0: Foul Ball, location: 2F 0-1: Ground out 4-3 (Groundball, 34, EV 76.9 MPH) Andrew Robinson scores Etsuro Hosokawa to third
|
Batting: RHB Caleb Russell
|
0-0: Foul Ball, location: 2F 0-1: Ball 1-1: Ground out 6-3 (Groundball, 6, EV 89.4 MPH)
|
Bottom of the 6th over - 5 runs, 5 hits, 0 errors, 1 left on base; Oklahoma City 0 - Indianapolis 5 |
TOP OF THE 7TH |
Oklahoma City Dodgers batting - Pitching for Indianapolis Indians : RHP Josh Markham
|
Batting: RHB Tim Nettles
|
0-0: Ball 1-0: Ground out 6-3 (Groundball, 6, EV 105.0 MPH)
|
Batting: RHB Martin Chavez
|
0-0: Called Strike 0-1: Called Strike 0-2: Ball 1-2: Hit by Pitch
|
Batting: RHB John Piccolo
|
0-0: Called Strike 0-1: Ball 1-1: Ball 2-1: Ball 3-1: Foul Ball, location: 2F 3-2: Foul Ball, location: 2F 3-2: Strikes out looking
|
Pitching: RHP Mario Medrano
|
|
Batting: LHB Frank Mullen
|
0-0: SINGLE (Line Drive, 9S, EV 99.4 MPH) Martin Chavez to second
|
Batting: RHB Jose Valtierra
|
0-0: Fly out, F8 (Flyball, 8RD, EV 91.2 MPH)
|
Top of the 7th over - 0 runs, 1 hit, 0 errors, 2 left on base; Oklahoma City 0 - Indianapolis 5 |
BOTTOM OF THE 7TH |
Indianapolis Indians batting - Pitching for Oklahoma City Dodgers : RHP Chris Bullerman
|
Batting: RHB Keiji Nakajima
|
0-0: Ground out 6-3 (Groundball, 6, EV 85.0 MPH)
|
Batting: RHB Slamet Pamungkas
|
0-0: Ball 1-0: Fly out, F8 (Flyball, 8RD, EV 100.6 MPH)
|
Batting: RHB Luis Ramos
|
0-0: Called Strike 0-1: Ball 1-1: Called Strike 1-2: Ball 2-2: Ball 3-2: Base on Balls
|
Batting: RHB Ron Corn
|
0-0: Called Strike Luis Ramos steals 2nd base 0-1: Ball 1-1: DOUBLE (Groundball, 5L, EV 103.1 MPH) Luis Ramos scores
|
Batting: RHB Andrew Robinson
|
0-0: Ball 1-0: Foul Ball, location: 2F 1-1: Ball 2-1: Ball 3-1: Foul Ball, location: 2F 3-2: Strikes out looking
|
Bottom of the 7th over - 1 run, 1 hit, 0 errors, 1 left on base; Oklahoma City 0 - Indianapolis 6 |
TOP OF THE 8TH |
Oklahoma City Dodgers batting - Pitching for Indianapolis Indians : RHP Mario Medrano
|
Batting: RHB Sam Saunders
|
0-0: Foul Ball, location: 2F 0-1: Foul Ball, location: 2F 0-2: Ball 1-2: Ball 2-2: Foul Ball, location: 2F 2-2: Ball 3-2: Foul Ball, location: 2F 3-2: Strikes out looking
|
Batting: RHB Jeremy Giesler
|
0-0: Called Strike 0-1: Called Strike 0-2: Ball 1-2: Ground out 4-3 (Groundball, 4, EV 81.9 MPH)
|
Batting: RHB Curt Earnest
|
0-0: Ball 1-0: Called Strike 1-1: Foul Ball, location: 2F 1-2: Strikes out swinging
|
Top of the 8th over - 0 runs, 0 hits, 0 errors, 0 left on base; Oklahoma City 0 - Indianapolis 6 |
BOTTOM OF THE 8TH |
Indianapolis Indians batting - Pitching for Oklahoma City Dodgers : RHP Chris Bullerman
|
Batting: RHB Etsuro Hosokawa
|
0-0: Ground out 4-3 (Groundball, 4, EV 85.6 MPH)
|
Batting: RHB Richard Barrios
|
0-0: Ball 1-0: Foul Ball, location: 2F 1-1: Swinging Strike 1-2: Ball 2-2: Ground out 5-3 (Groundball, 56, EV 106.2 MPH)
|
Batting: RHB Freddy Quintero
|
0-0: Ball 1-0: Ground out 1-3 (Groundball, 13S, EV 68.1 MPH)
|
Bottom of the 8th over - 0 runs, 0 hits, 0 errors, 0 left on base; Oklahoma City 0 - Indianapolis 6 |
TOP OF THE 9TH |
Oklahoma City Dodgers batting - Pitching for Indianapolis Indians : RHP Mario Medrano
|
Batting: SHB Ken Welch
|
0-0: Ball 1-0: Ball 2-0: Called Strike 2-1: Foul Ball, location: 2F 2-2: SINGLE (Flyball, 56D, EV 83.8 MPH)
|
Batting: RHB Tim Nettles
|
0-0: Called Strike 0-1: Foul Ball, location: 2F 0-2: Foul Ball, location: 2F 0-2: Grounds into double play, 6-4-3 (Groundball, 6, EV 101.9 MPH)
|
Batting: RHB Martin Chavez
|
0-0: Ball 1-0: Foul Ball, location: 2F 1-1: Ground out 1-3 (Groundball, 15S, EV 68.1 MPH)
|
Top of the 9th over - 0 runs, 1 hit, 0 errors, 0 left on base; Oklahoma City 0 - Indianapolis 6 |
|